 Dungeon Crawl Stone Soup version 0.26-a0-651-gb41185065b (webtiles) character file.

Game seed: 13235243943319945832

172 Irenicus the Geomancer (level 5, 27/42 HPs)
             Began as a Deep Dwarf Earth Elementalist on Oct 5, 2020.
             Quit the game on level 3 of the Dungeon.
             The game lasted 00:10:31 (1624 turns).

Irenicus the Geomancer (DDEE)                       Turns: 1624, Time: 00:10:32

Health: 27/42      AC: 11    Str: 12    XL:     5   Next: 27%
Magic:  6/6        EV: 11    Int: 16    God:
Gold:   162        SH:  0    Dex: 13    Spells: 3/7 levels left

rFire    . . .     SeeInvis +   a - +1 whip (flame)
rCold    . . .     Faith    .   (no shield)
rNeg     . . .     Spirit   .   j - +0 ring mail
rPois    .         Reflect  .   (no helmet)
rElec    .         Harm     .   (no cloak)
rCorr    .         Rampage  .   n - +1 pair of gloves
MR       .....                  (no boots)
Stlth    +.........             (no amulet)
HPRegen  0.00/turn              k - +4 ring of protection
MPRegen  0.10/turn              s - ring of see invisible {sInv, !d}

@: non-regenerating
A: damage resistance, heal wounds, sense surroundings 1, no regeneration
a: Heal Wounds


You were on level 3 of the Dungeon.
You visited 1 branch of the dungeon, and saw 3 of its levels.

You collected 162 gold pieces.

Inventory:

Hand Weapons
 a - a +1 whip of flaming (weapon)
   (You found it on level 1 of the Dungeon)
Missiles
 b - 60 stones (quivered)
Armour
 j - a +0 ring mail (worn)
   (You found it on level 1 of the Dungeon)
 n - a +1 pair of gloves (worn)
   (You found it on level 2 of the Dungeon)
Jewellery
 k - a +4 ring of protection (left hand)
   (You found it on level 1 of the Dungeon)
 s - a ring of see invisible (right hand) {sInv, !d}
   (You found it on level 2 of the Dungeon)
Scrolls
 c - a scroll of identify
 d - a scroll of fear {unknown}
 e - 2 scrolls of remove curse
 g - a scroll of amnesia
Potions
 f - 2 potions of curing
 h - a potion of lignification {unknown}
 l - a potion of ambrosia
 m - a potion of berserk rage {unknown}
 r - a potion of haste


   Skills:
 - Level 2.1 Dodging
 - Level 2.4 Stealth
 - Level 1.7 Spellcasting
 - Level 0.8 Transmutations
 + Level 8.0 Earth Magic


You had 3 spell levels left.
You knew the following spells:

 Your Spells              Type           Power        Failure   Level
a - Sandblast             Erth           ####..       1%          1
g - Apportation           Tloc           #.....       43%         1
w - Passwall              Tmut/Erth      ###.....     12%         2

Your spell library contained the following spells:

 Spells                   Type           Power        Failure   Level
 Stone Arrow              Conj/Erth      ##....       28%         3
 Animate Skeleton         Necr           #.....       43%         1
 Corona                   Hex            #......      43%         1
 Summon Small Mammal      Summ           #...         43%         1
 Lee's Rapid Deconstruct  Erth           ####......   45%         5
 Petrify                  Tmut/Erth      ###.....     61%         4


Dungeon Overview and Level Annotations

Branches:
Dungeon (3/15)

Altars:


Innate Abilities, Weirdness & Mutations

You are resistant to damage.
You can heal yourself by infusing magical energy.
You passively map a small area around you.
You do not regenerate.


Message History

Press: ? - help, Dir - move target cursor A rock wall.
You begin to meditate on the wall.
You continue meditating on the rock. x2
You finish merging with the rock.
You now have 3/7 mp.
An orc comes into view. It is wielding a +0 mace.
The orc shouts!
A goblin comes into view. It is wielding a +0 dagger.
Found a stone staircase leading down.
Casting: Passwall (safe; 12% risk of failure)
Confirm with . or Enter, or press ? or * to list all spells.
Aiming: Sandblast (safe; 1% risk of failure)
Press: ? - help, Shift-Dir - straight line, f - orc
Aim: an orc, wielding a +0 mace and wearing a +0 leather armour The blast of sand hits the orc!!
You kill the orc!
Your Earth Magic skill increases to level 8!
b - 63 stones The goblin shouts!
You now have 3/7 mp.
Casting: Sandblast (safe; 1% risk of failure)
Confirm with . or Enter, or press ? or * to list all spells.
Aiming: Sandblast (safe; 1% risk of failure)
Press: ? - help, Shift-Dir - straight line, f - goblin
Aim: a goblin, wielding a +0 dagger The blast of sand misses the goblin.
b - 62 stones You now have 2/7 mp.
Casting: Sandblast (safe; 1% risk of failure)
Confirm with . or Enter, or press ? or * to list all spells.
Aiming: Sandblast (safe; 1% risk of failure)
Press: ? - help, Shift-Dir - straight line, f/p - goblin
Aim: a goblin, wielding a +0 dagger The blast of sand hits the goblin!!
You kill the goblin!
b - 61 stones You now have 1/7 mp.
Things that are here:
a +0 mace; a +0 leather armour; an orc corpse
Things that are here:
a +0 dagger; a goblin corpse
There is an open door here.
Casting: Sandblast (safe; 1% risk of failure)
Confirm with . or Enter, or press ? or * to list all spells.
Press: ? - help, Dir - move target cursor A rock wall.
You begin to meditate on the wall.
You continue meditating on the rock. x2
You finish merging with the rock.
You now have 1/7 mp.
You now have 157 gold pieces (gained 10).
You open the door.
A hobgoblin comes into view.
The hobgoblin shouts!
Casting: Passwall (safe; 12% risk of failure)
Confirm with . or Enter, or press ? or * to list all spells.
Press: ? - help, Dir - move target cursor A rock wall.
You begin to meditate on the wall.
You continue meditating on the rock. x2
You finish merging with the rock.
You now have 4/7 mp.
You see here a hand axe.
A giant cockroach comes into view.
Casting: Passwall (safe; 12% risk of failure)
Confirm with . or Enter, or press ? or * to list all spells.
Aiming: Sandblast (safe; 1% risk of failure)
Press: ? - help, Shift-Dir - straight line, f - giant cockroach
Aim: a giant cockroach The blast of sand hits the giant cockroach.
The giant cockroach is moderately wounded.
b - 60 stones You now have 5/7 mp.
The giant cockroach barely misses you.
The giant cockroach bites you but does no damage.
You barely miss the giant cockroach.
The giant cockroach is lightly wounded.
The giant cockroach barely misses you.
You hit the giant cockroach but do no damage.
The giant cockroach is lightly wounded.
The giant cockroach bites you.
You hit the giant cockroach. You burn the giant cockroach.
You kill the giant cockroach!
You now have 160 gold pieces (gained 3).
You see here a giant cockroach corpse.
You now have 162 gold pieces (gained 2).
Casting: Sandblast (safe; 1% risk of failure)
Confirm with . or Enter, or press ? or * to list all spells.
Press: ? - help, Dir - move target cursor A rock wall.
You begin to meditate on the wall.
You continue meditating on the rock. x2
You finish merging with the rock.
You now have 4/7 mp.
You see here an adder skeleton.
You open the door.
Found a stone staircase leading up.
There is an open door here.
There is a stone staircase leading up here.
Your magical essence is drained by the effort!
You feel much better.
You regained 16 hp, and now have 27/42 hp.
Are you sure you want to abandon this character and quit the game? (Confirm with "yes".)

#.######.........# #.#.##
#.#.)..#.#######.# #.#.#.
#.#.##.#.#...# #.# #.#.#.
#.#.##.#.#.#.# #.# #.#.#.
#.#.##.#.#.#.# #.# #.#.#.
#.#.##.#.#.#.# #.# #.#.##
#.#.##.#.#.#.###.# #.#.#
#.#.##.#)#....##.# #.#.#
#......#.#.@..##.######.#.#
###.####.#..<.##........#'##
#....#.#....#########.....
####.#.#.#'###### #.....
#.#.#.#......#####.....
#.#.#.##.............##
#†#.#.............#####
#.#.#....########......
#.#.#÷###.........#####


There were no monsters in sight!

Vanquished Creatures
  An orc priest (D:3)
  5 adders
  An ooze (D:1)
  8 worms
  2 dart slugs (D:1)
  8 orcs (D:3)
  A ball python (D:2)
  5 bats
  A giant cockroach (D:3)
  7 goblins
  4 hobgoblins
  3 jackals (D:1)
  2 quokkas (D:2)
  A frilled lizard (D:2)
  6 kobolds
  A quokka skeleton (D:3)
  6 rats
62 creatures vanquished.

Notes
Turn   | Place    | Note
-------+----------+-------------------------------------------
     0 | D:1      | Irenicus the Deep Dwarf Earth Elementalist began the quest
                  | for the Orb.
     0 | D:1      | Reached XP level 1. HP: 15/15 MP: 3/3
   193 | D:1      | Reached XP level 2. HP: 22/22 MP: 0/4
   282 | D:1      | Learned a level 2 spell: Passwall
   286 | D:1      | Reached skill level 5 in Earth Magic
   450 | D:1      | Reached XP level 3. HP: 28/28 MP: 0/5
   550 | D:2      | Learned a level 1 spell: Apportation
   632 | D:2      | Reached skill level 6 in Earth Magic
   784 | D:2      | Reached XP level 4. HP: 36/36 MP: 4/6
   880 | D:2      | Reached skill level 7 in Earth Magic
  1344 | D:3      | HP: 4/36 [orc priest/divine providence (8)]
  1345 | D:3      | Reached XP level 5. HP: 4/42 MP: 0/7
  1507 | D:3      | Reached skill level 8 in Earth Magic
  1624 | D:3      | Quit the game

Illustrated notes

Levels and vault maps discovered:
D:1:      dpeg_arrival_three_same_balls, layout_loops_ring, minmay_tetromino_l4
D:2:      layout_basic, st_stairs_6, minmay_misc_feat_room
D:3:      layout_basic

Skill      XL: |  1  2  3  4  5 |
---------------+----------------+-----
Earth Magic    | 5 6 7 8 |  8.0
Dodging        | |  2.1
Stealth        | |  2.4
Spellcasting   | |  1.7
Transmutations | |  0.8

Action                   |  1- 3 |  4- 6 || total
-------------------------+-------+-------++-------
Melee: Whip              |    20 |    26 ||    46
 Cast: Sandblast         |    38 |    34 ||    72
       Passwall          |     1 |    12 ||    13
 Abil: Heal Wounds       |       |     1 ||     1
  Use: Scroll            |       |     9 ||     9
       Potion            |       |     2 ||     2
 Stab: Sleeping          |     2 |       ||     2
Armor: Robe              |     7 |       ||     7
       Ring mail         |     2 |    12 ||    14
Dodge: Dodged            |    23 |    21 ||    44

Table legend: (Time is in decaauts)
 A = Elapsed time spent in this place.
 B = Non-inter-level travel time spent in this place.
 C = Inter-level travel time spent in this place.
 D = Time resting spent in this place.
 E = Time spent auto-exploring this place.
 F = Levels seen in this place.
 G = Mean time per level.
                   A        B        C        D        E       F      G
               +--------+--------+--------+--------+--------+-----+--------+
         Total |   1626 |   1610 |     16 |      0 |      0 |   3 |  542.0 |
       Dungeon |   1626 |   1610 |     16 |      0 |      0 |   3 |  542.0 |
               +--------+--------+--------+--------+--------+-----+--------+

Top non-repeatable levels by time:
     D:2: 629 daAuts
     D:1: 506 daAuts
     D:3: 490 daAuts

Table legend:
 A = Kills in this place as a percentage of kills in entire the game.
 B = Kills by you in this place as a percentage of kills by you in the entire game.
 C = Kills by friends in this place as a percentage of kills by friends in the entire game.
 D = Other kills in this place as a percentage of other kills in the entire game.
 E = Experience gained in this place as a percentage of experience gained in the entire game.
 F = Experience gained in this place divided by the number of levels of this place that you have seen.
                   A       B       C       D       E      F
               +-------+-------+-------+-------+-------+----------------------
         Total | 100.0 | 100.0 |   N/A |   N/A | 100.0 |  82.0
       Dungeon | 100.0 | 100.0 |   N/A |   N/A | 100.0 |  82.0
               +-------+-------+-------+-------+-------+----------------------
